 Dungeon Crawl Stone Soup version 0.29.1-4-g47bece8355 (webtiles) character file.

Game seed: 9842276837461085043

448 ChadusMaximus the Caller (level 7, -2/46 HPs)
             Began as a Human Summoner on Dec 6, 2022.
             Killed from afar by a white imp (7 damage)
             ... with a puff of frost
             ... on level 5 of the Dungeon.
             The game lasted 00:09:19 (5834 turns).

ChadusMaximus the Caller (Human Summoner)           Turns: 5834, Time: 00:09:20

Health: -2/46      AC:  5    Str:  8    XL:     7   Next: 24%
Magic:  11/12      EV: 13    Int: 18    God:
Gold:   189        SH:  0    Dex: 13    Spells: 7/13 levels left

rFire   . . .      SeeInvis .   t - +0 halberd (vamp)
rCold   . . .      Faith    .   (shield currently unavailable)
rNeg    . . .      Spirit   .   a - +0 robe
rPois   .          Reflect  .   (no helmet)
rElec   .          Harm     .   n - +2 cloak
rCorr   .          Rampage  .   (no gloves)
Will    .....                   (no boots)
Stlth   +++.......              (no amulet)
HPRegen 0.15/turn               u - ring of wizardry
MPRegen 0.13/turn               (no ring)

@: no status effects
A: no striking features
a: no special abilities


You were on level 5 of the Dungeon.
You visited 1 branch of the dungeon, and saw 5 of its levels.

You collected 189 gold pieces.

Inventory:

Hand Weapons
 f - a +0 short sword
 l - a +1 hand axe of freezing
 t - a +0 vampiric halberd (weapon)
Missiles
 k - 5 boomerangs of dispersal
Armour
 a - a +0 robe (worn)
 m - a +2 ring mail of positive energy
 n - a +2 cloak (worn)
Magical Staves
 j - a staff of fire
Jewellery
 u - a ring of wizardry (left hand)
Wands
 v - a wand of roots (13)
Scrolls
 c - 2 scrolls of blinking {unknown}
 e - 2 scrolls of amnesia {unknown}
 h - 3 scrolls of teleportation {unknown}
 o - 2 scrolls of enchant armour {unknown}
 q - 4 scrolls of identify {unknown}
 r - a scroll of enchant weapon {unknown}
Potions
 b - a potion of magic
 d - 2 potions of curing
 g - 4 potions of might
 i - a potion of heal wounds {unknown}
 p - a potion of ambrosia {unknown}
 s - 3 potions of lignification {unknown}


   Skills:
 + Level 3.9 Dodging
 + Level 4.3 Stealth
 + Level 3.6 Spellcasting
 + Level 5.3 Summonings


You had 7 spell levels left.
You knew the following spells:

 Your Spells              Type           Power      Damage    Failure   Level
a - Summon Small Mammal   Summ           88%        N/A       1%          1
b - Call Canine Familiar  Summ           22%        N/A       1%          3
c - Call Imp              Summ           22%        N/A       1%          2

Your spell library contained the following spells:

 Spells                   Type           Power      Damage    Failure   Level
 Beastly Appendage        Tmut           6%         N/A       6%          1
 Magic Dart               Conj           12%        1d3       6%          1
 Summon Guardian Golem    Hex/Summ       12%        N/A       6%          3
 Searing Ray              Conj           6%         2d4       9%          2
 Sublimation of Blood     Necr           3%         N/A       9%          2
 Wereblood                Tmut           3%         N/A       9%          2
 Spider Form              Tmut/Pois      3%         N/A       17%         3
 Summon Lightning Spire   Summ/Air       12%        N/A       21%         4
 Fulminant Prism          Conj/Hex       1%         3d6       50%         4
 Summon Hydra             Summ           11%        N/A       99%         7


Dungeon Overview and Level Annotations

Branches:
Dungeon (5/15)
 Temple: D:4-7

Altars:
Ashenzari
Cheibriados
Dithmenos
Makhleb
Qazlal
Sif Muna
Vehumet
Xom

Shops:
D:2 *   D:5 =

Annotations:
D:3 1 runed translucent door, kalagan's ghost, amateur DECj


Message History

Your hound completely misses the iguana.
Your hound bites the iguana.
The iguana bites you but does no damage.
You hit the iguana but do no damage.
The iguana is moderately wounded.
Your hound closely misses the iguana.
Your hound barely misses the iguana.
The iguana bites you! The iguana barely misses you.
Your hound bites the iguana but does no damage.
You closely miss the iguana.
The iguana is moderately wounded.
Your hound bites the iguana but does no damage.
The white imp laughs crazily.
The white imp closely misses you. The iguana closely misses you.
Your hound bites the iguana but does no damage.
You puncture the iguana!
The iguana is almost dead.
Your hound closely misses the iguana.
The white imp closely misses you. The iguana bites you!
Your hound bites the iguana but does no damage.
The white imp gestures at you. The puff of frost hits you!
The iguana bites you.
* * * LOW HITPOINT WARNING * * *
You are too injured to fight recklessly!
Your hound bites the iguana but does no damage.
Your hound bites the iguana.
The iguana dies!
The white imp attacks as you move away!
The white imp hits you but does no damage.
Your hound bites the white imp.
The white imp gestures at you. The puff of frost hits you!
* * * LOW HITPOINT WARNING * * *
Your hound bites the white imp. x2
You are too injured to fight recklessly!
Your hound bites the white imp but does no damage.
Your hound bites the white imp but does no damage.
The white imp summons a swarm of flies.
The white imp gestures at you. The puff of frost hits you!
You die...

#...#.≈≈≈≈≈.# #.# ##
#...#.≈≈≈≈≈.#########.##
...######..#..≈≈≈..#..........#
...........#⌠..∩..⌠############
...........#########
................#
..........).....#
................#
...........h5..@#
.....####+###.### ..... #.#
###.# #.# # #.# ..# ###


You could see a white imp (ally target) and a friendly hound (summoned).

Vanquished Creatures
  2 gnolls (D:4)
  2 adders (D:2)
  A worm (D:4)
  A dart slug (D:2)
  2 giant cockroaches
  7 hobgoblins
  7 jackals (D:4)
  4 kobolds (D:4)
  A quokka (D:3)
  A ball python (D:3)
  3 bats
  2 frilled lizards (D:1)
  7 goblins
  A rat (D:2)
41 creatures vanquished.

Vanquished Creatures (collateral kills)
  An ogre (D:4)
  2 hounds (D:3)
  A jelly (D:5)
  2 iguanas
  Terence (D:2)
  5 gnolls (D:4)
  An ufetubus (D:4)
  A worm (D:3)
  2 dart slugs (D:1)
  2 orcs (D:4)
  4 ball pythons
  5 bats
  2 endoplasms (D:2)
  A giant cockroach (D:4)
  3 goblins
  7 hobgoblins
  2 jackals (D:4)
  6 kobolds
  2 rats
50 creatures vanquished.

Vanquished Creatures (others)
  A plant (D:4)
1 creature vanquished.

Grand Total: 92 creatures vanquished

Notes
Turn   | Place    | Note
-------+----------+-------------------------------------------
     0 | D:1      | ChadusMaximus the Human Summoner began the quest for the
                  | Orb.
     0 | D:1      | Reached XP level 1. HP: 13/13 MP: 3/3
   395 | D:1      | Reached XP level 2. HP: 19/19 MP: 1/5
   786 | D:1      | Found a faded altar of an unknown god.
  1316 | D:1      | Reached XP level 3. HP: 10/24 MP: 3/6
  1497 | D:1      | Learned a level 3 spell: Call Canine Familiar
  2057 | D:2      | Noticed Terence
  2057 | D:2      | Found a radiant altar of Vehumet.
  2095 | D:2      | Killed Terence
  2096 | D:2      | Reached XP level 4. HP: 30/30 MP: 0/7
  2694 | D:2      | Found Neocw's Assorted Antiques.
  3182 | D:3      | Reached XP level 5. HP: 35/35 MP: 9/9
  3333 | D:3      | Found a runed translucent door.
  3434 | D:3      | Noticed kalagan's ghost (amateur DECj)
  3577 | D:3      | Found a shimmering altar of Xom.
  3663 | D:3      | Found a burning altar of Makhleb.
  3667 | D:3      | Found a stormy altar of Qazlal.
  3674 | D:3      | Found a shimmering blue altar of Sif Muna.
  3674 | D:3      | Found a radiant altar of Vehumet.
  3676 | D:3      | Found a broken altar of Ashenzari.
  3677 | D:3      | Found a shadowy altar of Dithmenos.
  3680 | D:3      | Found a snail-covered altar of Cheibriados.
  4284 | D:4      | Reached XP level 6. HP: 20/41 MP: 3/10
  4305 | D:4      | HP: 1/41 [gnoll/+0 club (5)]
  4669 | D:4      | Noticed an ogre
  4681 | D:4      | Killed an ogre
  4682 | D:4      | Reached skill level 5 in Summonings
  4931 | D:4      | Learned a level 2 spell: Call Imp
  5079 | D:5      | Entered Level 5 of the Dungeon
  5082 | D:5      | Reached XP level 7. HP: 21/46 MP: 6/12
  5793 | D:5      | Found Ewkol's Jewellery Shoppe.
  5834 | D:5      | Killed from afar by a white imp

Illustrated notes

Levels and vault maps discovered:
D:1:      co_arrival_square_in_a_square_in_a_square, layout_loops_corners,
          ebering_ecumenical_altar_webs, minmay_split_cup_small
D:2:      layout_rooms, basic_altar, serial_shops, shop_fountains, uniq_terence
D:3:      layout_basic, minitemple, ebering_ghost_reflecting_pool
D:4:      corexii_shack_village, layout_cave_pools, kennysheep_pointless_box
D:5:      layout_basic, serial_shops, kennysheep_mini, nicolae_lakefront_shop,
          shop, nicolae_shop_bloodbath_and_beyond,
          nicolae_shop_competitors_out_of_business, uniq_pikel

Skill      XL: |  1  2  3  4  5  6 |
---------------+-------------------+-----
Stealth        | 3 4 |  4.3
Dodging        | 3 |  3.9
Spellcasting   | 3 |  3.6
Summonings     | 5 |  5.3

Action                   |  1- 3 |  4- 6 |  7- 9 || total
-------------------------+-------+-------+-------++-------
Melee: Unarmed           |    35 |       |       ||    35
       Short sword       |    11 |       |       ||    11
       Punch             |     1 |       |       ||     1
       Hand axe          |       |    82 |       ||    82
       Halberd           |       |     3 |    30 ||    33
 Cast: Summon Small Mamm |    27 |    18 |     4 ||    49
       Call Canine Famil |     3 |    16 |     4 ||    23
       Call Imp          |       |       |     1 ||     1
  Use: Potion            |       |     2 |       ||     2
 Stab: Distracted        |     1 |     1 |     1 ||     3
       Sleeping          |     1 |       |     4 ||     5
Armor: Robe              |    15 |    35 |     2 ||    52
       Skin              |     4 |       |       ||     4
       Ring mail         |       |    16 |       ||    16
Dodge: Dodged            |    69 |    72 |    18 ||   159
